 Dungeon Crawl Stone Soup version 0.20.0-15-g7f486f2 (webtiles) character file.

1260 Requim the Slasher (level 8, -11/62 HPs)
             Began as a Barachi Fighter on June 18, 2017.
             Was an Initiate of Okawaru.
             Engulfed by a steam dragon's steam (12 damage)
             ... on level 6 of the Dungeon.
             The game lasted 00:39:30 (4673 turns).

Requim the Slasher (Barachi Fighter)                Turns: 4673, Time: 00:39:31

Health: -11/62     AC: 15    Str: 19    XL:     8   Next: 52%
Magic:  7/7        EV:  5    Int:  9    God:    Okawaru [......]
Gold:   226        SH: 13    Dex: 14    Spells: 7/7 levels left

rFire    . . .     SeeInvis .   a - +0 long sword
rCold    . . .     Gourm    .   c - +3 shield
rNeg     . . .     Faith    .   q - +0 plate armour "Put-Me-On" {rPois}
rPois    +         Spirit   .   (no helmet)
rElec    .         Reflect  .   m - +0 cloak
rCorr    .         Harm     .   j - +0 pair of gloves
MR       .....                  (no boots)
Stlth    ..........             (no amulet)
Regen    0.2/turn               b - ring of poison resistance
MPRegen  0.1/turn               (no ring)

@: about to teleport, slow
A: +LOS, swims, talons 1, low mp 1, slowness 1, strong 1, strong legs 1
a: Hop, Renounce Religion


You were on level 6 of the Dungeon.
You worshipped Okawaru.
Okawaru was noncommittal.
You were very full.

You visited 2 branches of the dungeon, and saw 7 of its levels.

You collected 226 gold pieces.

Inventory:

Hand Weapons
 a - a +0 long sword (weapon)
Armour
 c - a +3 shield (worn)
 j - a +0 pair of gloves (worn)
 m - a +0 cloak (worn)
 q - the +0 plate armour "Put-Me-On" (worn) {rPois}
   (You found it on level 5 of the Dungeon)

   It protects you from poison.
Jewellery
 b - a ring of poison resistance (left hand)
Wands
 n - a wand of iceblast (7/15)
Scrolls
 e - 5 scrolls of teleportation
 h - 3 scrolls of remove curse
 r - a scroll of identify
Potions
 f - a potion of flight
 g - 2 potions of cancellation
 i - a potion of curing
 p - a potion of invisibility {unknown}
 s - a potion of magic {unknown}
Comestibles
 d - 4 bread rations
 l - 3 meat rations


   Skills:
 + Level 5.3 Fighting
 + Level 7.6 Long Blades
 + Level 6.3 Armour
 + Level 2.5 Dodging
 + Level 0.8 Stealth
 + Level 6.4 Shields


You had 7 spell levels left.
You didn't know any spells.

Dungeon Overview and Level Annotations

Branches:
Dungeon (6/15)             Temple (1/1) D:4

Altars:
Ashenzari
Cheibriados
Dithmenos
Elyvilon
Fedhas
Gozag
Hepliaklqana
Makhleb
Nemelex Xobeh
Okawaru
Qazlal
Ru
Uskayaw
Vehumet
Xom
Yredelemnul
Zin
The Shining One


Innate Abilities, Weirdness & Mutations

Shadows flee at your approach. (+LOS)
You can swim through water.
You cover ground slowly.
You can hop short distances.
You have sharp toenails.
Your magical capacity is low. (-10% MP)
Your muscles are strong. (Str +2)


Message History

You hit the steam dragon but do no damage.
The steam dragon is lightly wounded.
You are engulfed in a cloud of scalding steam.
The steam dragon barely misses you.
You riposte.
You closely miss the steam dragon.
The steam dragon is lightly wounded.
You block the steam dragon's attack.
You hit the steam dragon but do no damage.
You claw the steam dragon, but do no damage.
The steam dragon is lightly wounded.
The steam dragon breathes steam at you. The ball of steam hits you!
* * * LOW HITPOINT WARNING * * *
The steam dragon barely misses you.
You riposte.
You slash the steam dragon!
The steam dragon is heavily wounded.
You block the steam dragon's attack.
As you read the scroll of teleportation, it crumbles to dust.
You feel strangely unstable.
You are engulfed in a cloud of scalding steam.
You die...

##### #.# #.#####
#.....# ####.....
....... #.# ...%. #.#
... #.# #D# #.# #@#
#.# #§# #:# ##§## #.#
##...## #.####
##.....## # #.##.##
##.......##
###.#...####......>..#
...........'.........+
###.#...####.........#


You could see a steam dragon.

Vanquished Creatures
  An orc warrior (D:6)
  3 ogres
  A necrophage (D:6)
  The ghost of gorpus the Conjurer, an amateur VSCj (D:3)
  2 scorpions (D:4)
  A howler monkey (D:5)
  A crimson imp (D:5)
  2 bullfrog zombies (D:5)
  An orc priest (D:6)
  A hound (D:4)
  A jelly (D:6)
  Crazy Yiuf (D:3)
  A centaur zombie (D:6)
  2 orc wizards
  2 centaur skeletons
  An iguana (D:4)
  3 worker ants
  A hound zombie (D:5)
  6 adders
  2 oozes
  3 adder skeletons
  4 worms
  A dart slug (D:1)
  3 leopard geckos
  18 orcs
  2 giant cockroaches
  5 goblins
  8 hobgoblins
  8 jackals
  4 kobolds
  2 ball pythons
  9 bats
  3 frilled lizards
  3 quokka skeletons
  8 rats
115 creatures vanquished.

Notes
Turn   | Place    | Note
-------+----------+-------------------------------------------
     0 | D:1      | Requim the Barachi Fighter began the quest for the Orb.
     0 | D:1      | Reached XP level 1. HP: 18/18 MP: 1/1
    72 | D:1      | Reached XP level 2. HP: 25/25 MP: 2/2
   575 | D:1      | Reached XP level 3. HP: 25/30 MP: 3/3
   642 | D:2      | Reached skill level 3 in Long Blades
   667 | D:2      | Found a shadowy altar of Dithmenos.
   870 | D:2      | Reached XP level 4. HP: 13/37 MP: 4/4
   885 | D:2      | Gained mutation: Your muscles are strong. (Str +2) [potion of mutation]
   885 | D:2      | Gained mutation: Your magical capacity is low. (-10% MP) [potion of mutation]
   885 | D:2      | Gained mutation: You have sharp toenails. [potion of mutation]
  1461 | D:3      | Reached skill level 1 in Dodging
  1541 | D:3      | Found a blossoming altar of Fedhas.
  1580 | D:3      | Noticed gorpus's ghost (amateur VSCj)
  1582 | D:3      | Found a sacrificial altar of Ru.
  1606 | D:3      | Killed gorpus's ghost
  1606 | D:3      | Reached skill level 4 in Long Blades
  1606 | D:3      | Reached XP level 5. HP: 5/42 MP: 4/4
  1728 | D:3      | Found a runed door.
  1832 | D:3      | Noticed an ogre
  1848 | D:3      | Killed an ogre
  1848 | D:3      | Reached XP level 6. HP: 6/48 MP: 5/5
  2046 | D:3      | Found a stormy altar of Qazlal.
  2235 | D:3      | Reached skill level 5 in Armour
  2300 | D:3      | Noticed Crazy Yiuf
  2307 | D:3      | Killed Crazy Yiuf
  2377 | D:4      | Reached skill level 5 in Long Blades
  2439 | D:4      | Found a hide-covered altar of Uskayaw.
  2440 | D:4      | Noticed a dagger
  2441 | D:4      | Noticed a dagger
  2493 | D:4      | Reached skill level 5 in Shields
  2618 | D:4      | Found a glowing silver altar of Zin.
  2658 | D:4      | Found a staircase to the Ecumenical Temple.
  2668 | Temple   | Entered the Ecumenical Temple
  2812 | D:4      | Found a hazy altar of Hepliaklqana.
  2821 | D:4      | Reached XP level 7. HP: 55/55 MP: 6/6
  3204 | D:5      | Entered Level 5 of the Dungeon
  3305 | D:5      | Reached skill level 6 in Long Blades
  3436 | D:5      | Got a heavily runed plate armour
  3437 | D:5      | Identified the +0 plate armour "Put-Me-On" {rPois} (You found it on level 5 of the Dungeon)
  3488 | D:5      | Found an iron altar of Okawaru.
  3517 | D:5      | Became a worshipper of Warmaster Okawaru
  3635 | D:5      | Reached skill level 5 in Fighting
  3940 | D:5      | Reached XP level 8. HP: 62/62 MP: 7/7
  3954 | D:5      | Found a shattered altar of Ashenzari.
  4284 | D:6      | Reached skill level 7 in Long Blades
  4443 | D:6      | HP: 1/93 [orc warrior/trident (8)]
  4672 | D:6      | HP: 1/62 [steam dragon/ball of steam (20)]
  4673 | D:6      | Engulfed by a steam dragon's steam

Skill      XL: |  1  2  3  4  5  6  7  8 |
---------------+-------------------------+-----
Long Blades    | 3 4 5 6 7 |  7.6
Fighting       | 4 5 |  5.3
Armour         | 4 5 6 |  6.3
Shields        | 4 5 6 |  6.4
Dodging        | 1 2 |  2.5
Stealth        | |  0.8

Action                   |  1- 3 |  4- 6 |  7- 9 || total
-------------------------+-------+-------+-------++-------
Melee: Long sword        |   127 |   167 |   291 ||   585
       Kick              |       |    49 |   113 ||   162
  Use: Scroll            |     7 |     4 |     3 ||    14
       Potion            |       |     3 |     4 ||     7
  Eat: Bread ration      |     1 |       |       ||     1
       Meat ration       |     1 |       |     2 ||     3
       Royal jelly       |       |     1 |       ||     1
Armor: Scale mail        |    54 |    62 |    32 ||   148
       Plate armour      |       |       |    63 ||    63
Dodge: Dodged            |    29 |    65 |    57 ||   151
Block: Shield            |    84 |   127 |   168 ||   379
       Rpst.: Long sword |     1 |    13 |    17 ||    31
